Map: Lost and Found LE

Players

SpaceMarine - Winner!

  • Race: Protoss Protoss
  • Spawn Location: 1:00

Zanster

  • Race: Zerg Zerg
  • Spawn Location: 7:00

Event: WCS Valencia 2018

VOD

Have the link to the VOD?

Description

Time

  • Played on: July 12, 2018, 6:34 a.m.
  • Length: 25:31

All games in this series

Show
View Real Time Build Order
Export as new Build Order

SpaceMarine Protoss - Winner!

Build Orders: 1 Gate Expand, Mass Phoenix 

Get SALT Encoding   

  12  0:00  Probe  
  13  0:12  Probe  
  14  0:19  Pylon  
  14  0:25  Probe  
  15  0:36  Probe  
  15  0:38  Gateway  
  16  0:43  Assimilator  
  16  0:44  Probe  
  17  0:52  Probe  
  18  1:04  Probe  
  19  1:20  Nexus  
  19  1:22  Probe  
  20  1:32  Cybernetics Core  
  20  1:35  Probe  
  21  1:41  Assimilator  
  21  1:48  Probe  
  21  1:53  Pylon  
  22  2:00  Probe  
  23  2:08  Probe  
  23  2:11  Warp Gate, Stalker  
  26  2:16  Probe  
  27  2:24  Twilight Council, Probe  
  27  2:27  Probe  
  28  2:32  Probe  
  28  2:35  Probe  
  30  2:40  Probe  
  31  2:45  Probe  
  31  2:48  Adept  
  35  2:53  Probe  
  35  2:58  Probe  
  37  3:04  Resonating Glaives  
  37  3:05  Gateway  
  37  3:08  Probe  
  38  3:14  Gateway, Probe  
  39  3:20  Probe  
  39  3:22  Pylon  
  39  3:25  Probe  
  39  3:26  Stargate  
  40  3:32  Probe  
  40  3:33  Pylon  
  40  3:34  Probe  
  42  3:35  Assimilator  
  43  3:44  Probe  
  43  3:45  Probe  
  43  3:46  Stargate  
  45  3:49  Assimilator  
  45  3:57  Probe x2  
  45  4:00  Pylon  
  45  4:01  Oracle  
  47  4:09  Probe x2  
  47  4:15  Adept x2  
  47  4:16  Adept  
  56  4:20  Pylon  
  56  4:29  Phoenix  
  56  4:35  Phoenix  
  56  4:36  Adept x3  
  64  4:40  Pylon  
  66  4:49  Phoenix  
  66  4:56  Forge  
  66  4:57  Phoenix  
  66  4:58  Pylon  
  45  5:14  Phoenix  
  70  5:17  Phoenix  
  70  5:36  Phoenix  
  70  5:39  Phoenix  
  74  5:43  Nexus  
  74  5:46  Adept x3  
  74  5:47  Probe  
  74  5:49  Pylon  
  80  5:50  Pylon  
  80  5:53  Phoenix  
  80  5:55  Probe  
  81  6:01  Probe  
  84  6:05  Photon Cannon  
  84  6:07  Probe  
  84  6:08  Photon Cannon  
  84  6:11  Nexus  
  85  6:14  Probe  
  85  6:16  Phoenix  
  88  6:28  Phoenix  
  88  6:29  Probe  
  91  6:33  Protoss Air Weapons Level 1  
  91  6:36  Probe, Phoenix  
  92  6:42  Probe  
  92  6:44  Phoenix  
  92  6:45  Adept x2  
  92  6:46  Adept  
  101  6:48  Probe  
  101  6:54  Probe  
  105  7:03  Probe  
  106  7:09  Phoenix  
  106  7:10  Phoenix  
  106  7:14  Gateway  
  106  7:15  Gateway  
  108  7:16  Gateway  
  108  7:20  Probe x2  
  108  7:30  Phoenix  
  108  7:34  Probe  
  105  7:37  Phoenix  
  87  7:49  Probe x2, Phoenix  
  87  7:51  Probe, Pylon  
  90  7:52  Pylon  
  90  7:55  Assimilator  
  90  7:58  Adept x3  
  96  8:00  Phoenix  
  96  8:01  Probe  
  96  8:04  Probe  
  102  8:13  Phoenix  
  103  8:21  Adept x3  
  103  8:22  Adept  
  110  8:28  Probe x2, Phoenix  
  110  8:30  Protoss Ground Weapons Level 1, Phoenix  
  109  8:44  Probe  
  109  8:46  Adept x2  
  109  8:47  Adept x2  
  112  8:50  Pylon  
  112  8:51  Assimilator  
  112  8:53  Probe  
  112  8:54  Phoenix  
  113  8:57  Pylon  
  113  9:00  Phoenix  
  115  9:02  Adept  
  115  9:03  Adept  
  121  9:11  Adept  
  121  9:12  Adept x3  
  121  9:14  Phoenix  
  129  9:18  Phoenix  
  133  9:38  Nexus, Phoenix  
  133  9:39  Phoenix  
  133  9:41  Pylon  
  133  9:42  Pylon  
  137  9:55  Phoenix x2  
  135  10:17  Phoenix x2  
  109  10:34  Phoenix  
  109  10:35  Phoenix  
  105  10:38  Adept x4  
  105  10:39  Adept x2  
  121  10:51  Phoenix  
  121  10:52  Phoenix  
  121  10:55  Photon Cannon x2, Probe  
  121  10:56  Probe x2  
  124  10:58  Probe  
  124  11:00  Photon Cannon  
  129  11:05  Stargate  
  129  11:09  Probe x3  
  132  11:14  Phoenix  
  132  11:15  Phoenix  
  130  11:31  Protoss Ground Weapons Level 2  
  130  11:33  Adept  
  130  11:34  Adept x5  
  130  11:39  Phoenix  
  144  11:44  Probe  
  137  11:53  Probe x2  
  137  11:56  Probe  
  137  11:57  Sentry  
  137  12:00  Gateway x2, Adept x5  
  150  12:02  Gateway  
  150  12:05  Phoenix  
  150  12:07  Phoenix  
  154  12:13  Assimilator  
  154  12:17  Assimilator  
  154  12:20  Photon Cannon  
  154  12:21  Photon Cannon, Adept x2  
  154  12:22  Adept x4, Pylon  
  166  12:26  Templar Archives  
  166  12:30  Phoenix  
  166  12:32  Phoenix  
  164  13:00  Psionic Storm  
  164  13:02  Phoenix  
  164  13:04  Adept  
  164  13:05  Adept x4  
  158  13:19  Charge  
  137  13:21  Probe x4  
  137  13:23  High Templar  
  137  13:25  High Templar  
  137  13:26  High Templar x2  
  149  13:27  Protoss Ground Weapons Level 3  
  149  13:32  Zealot  
  149  13:33  Adept  
  151  13:42  Shield Battery x2  
  151  13:45  Shield Battery  
  151  13:46  Photon Cannon  
  151  13:47  Photon Cannon, High Templar x2  
  155  13:50  Pylon  
  155  14:02  Zealot x7  
  169  14:05  Nexus  
  169  14:06  Pylon  
  169  14:08  Pylon  
  169  14:12  Photon Cannon  
  169  14:13  Photon Cannon  
  169  14:26  High Templar x3  
  169  14:32  Robotics Facility  
  169  14:35  Robotics Facility  
  161  14:43  Probe x3  
  164  14:47  Photon Cannon x2  
  164  14:49  Pylon  
  164  14:50  Photon Cannon  
  164  14:51  Photon Cannon  
  164  14:52  Zealot x6  
  176  15:09  Fleet Beacon  
  176  15:11  High Templar x3  
  176  15:12  High Templar  
  184  15:15  Immortal  
  184  15:17  Assimilator  
  184  15:20  Observer  
  184  15:21  Assimilator  
  187  15:43  Immortal  
  187  15:45  Immortal  
  187  15:51  Mothership  
  195  16:13  Immortal  
  199  16:31  Robotics Facility  
  199  16:32  Robotics Facility  
  199  16:42  Nexus  
  199  17:14  Protoss Shields Level 1  
  199  17:15  Protoss Air Weapons Level 2  
  199  17:32  Observer  
  198  17:51  Archon  
  192  17:52  Archon  
  182  18:20  Pylon  
  182  18:24  Pylon  
  182  18:27  Gateway  
  182  18:28  Tempest  
  182  18:29  Tempest  
  182  18:30  Gateway  
  182  18:32  Gateway  
  182  18:34  Gateway  
  182  18:35  Gateway  
  182  18:37  Gateway  
  182  18:40  Gateway  
  160  19:06  Immortal x4  
  166  19:21  High Templar x4  
  166  19:23  Tempest x2, Protoss Shields Level 2  
  186  19:25  Protoss Air Weapons Level 3  
  186  19:30  Zealot x3  
  192  19:37  Zealot x2  
  196  19:45  Immortal x3, Archon  
  194  19:50  Zealot, High Templar x3  
  194  19:51  Zealot x2  
  194  20:20  Immortal  
  178  20:21  Immortal x2  
  178  20:22  Immortal  
  178  20:28  Zealot x6  
  187  20:29  Zealot  
  137  20:47  Zealot x7  
  137  20:48  Immortal, Zealot x2  
  133  20:51  Immortal  
  129  21:04  Zealot  
  129  21:05  Zealot x6  
  128  21:19  Tempest  
  128  21:20  Tempest  
  128  21:22  Observer  
  140  21:27  Zealot x6  
  137  21:37  Observer  
  122  21:40  Observer  
  122  21:41  Zealot x3  
  122  21:42  Zealot x5  
  122  21:43  Zealot  
  122  21:44  Zealot  
  139  21:54  Assimilator  
  139  21:55  Photon Cannon, Assimilator  
  139  21:57  Photon Cannon, Zealot x4  
  147  22:01  High Templar x3  
  147  22:02  High Templar x4, Tempest x2  
  147  22:05  Nexus  
  147  22:08  Immortal, Assimilator  
  177  22:13  Robotics Facility, Assimilator  
  177  22:15  Assimilator  
  177  22:19  Pylon  
  153  22:37  Zealot x9  
  153  22:38  Zealot x6  
  183  22:49  Photon Cannon  
  183  22:50  Photon Cannon  
  173  22:53  Immortal x2  
  173  22:54  Tempest x2  
  191  23:09  High Templar x2  
  193  23:32  Tempest  
  193  23:34  Immortal  
  195  23:54  Oracle  
  183  24:08  Zealot x5  
  196  24:10  Oracle  
  199  24:23  Zealot x3  
  171  25:01  Zealot x4  
  171  25:05  Nexus  
  172  25:08  Nexus  
  172  25:11  Assimilator  
  172  25:15  Assimilator  
  172  25:16  Assimilator  
  172  25:17  Pylon  
  172  25:21  Pylon  
Show
View Real Time Build Order
Export as new Build Order

Zanster Zerg 

Build Orders: Hatch First, Lurkers, Roach Hydra 

Get SALT Encoding   

  12  0:00  Drone  
  13  0:13  Overlord  
  13  0:17  Drone  
  14  0:32  Drone x2  
  16  0:49  Hatchery  
  15  0:51  Drone  
  15  0:55  Drone  
  17  0:59  Drone  
  18  1:09  Extractor  
  17  1:14  Spawning Pool  
  17  1:15  Drone  
  17  1:20  Drone  
  18  1:29  Drone  
  19  1:40  Drone  
  20  1:51  Overlord  
  20  2:01  Queen x2  
  20  2:02  Zergling x4  
  26  2:09  Metabolic Boost  
  26  2:12  Drone x2  
  28  2:22  Drone  
  29  2:26  Drone  
  30  2:32  Drone  
  31  2:38  Hatchery, Drone  
  31  2:44  Drone  
  31  2:45  Drone  
  33  2:52  Queen  
  33  2:54  Overlord  
  35  2:58  Drone  
  35  3:05  Overlord  
  36  3:15  Drone x2  
  36  3:16  Drone  
  36  3:17  Drone  
  36  3:18  Drone x3  
  36  3:19  Drone  
  44  3:23  Drone  
  45  3:30  Lair  
  45  3:37  Zergling x4  
  45  3:39  Overlord  
  46  3:43  Extractor  
  46  3:44  Extractor, Roach Warren  
  46  3:46  Drone x2  
  46  3:48  Drone  
  46  3:50  Drone x2  
  48  3:56  Drone x3  
  48  3:57  Drone  
  52  4:05  Overlord  
  52  4:09  Drone  
  52  4:10  Drone  
  52  4:13  Drone x2  
  55  4:17  Overlord  
  55  4:20  Overlord  
  55  4:24  Roach x4  
  63  4:29  Roach x2  
  67  4:31  Glial Reconstitution  
  67  4:35  Overseer  
  67  4:37  Roach  
  69  4:40  Overlord  
  69  4:45  Roach x2  
  73  4:50  Drone x5  
  73  4:51  Drone  
  79  4:54  Drone x2  
  79  4:57  Overlord  
  79  4:58  Drone  
  82  5:04  Spore Crawler  
  82  5:07  Drone  
  79  5:11  Spore Crawler x2  
  79  5:12  Drone x2  
  77  5:14  Drone  
  77  5:15  Drone  
  79  5:23  Drone  
  79  5:24  Drone x5  
  79  5:27  Drone  
  82  5:29  Drone  
  82  5:30  Drone x2  
  82  5:32  Drone  
  86  5:37  Hydralisk Den  
  86  5:39  Drone  
  86  5:41  Overlord  
  86  5:47  Overlord  
  86  5:50  Overseer  
  86  5:52  Overlord  
  86  5:55  Drone x2  
  86  5:56  Overlord  
  88  5:57  Overlord x2  
  88  5:59  Extractor  
  86  6:07  Overlord  
  86  6:12  Muscular Augments  
  86  6:20  Hydralisk x6  
  86  6:21  Hydralisk x2  
  102  6:26  Hydralisk  
  102  6:27  Hydralisk x2  
  102  6:30  Overlord  
  105  6:36  Hydralisk  
  105  6:37  Hydralisk  
  105  6:39  Overlord  
  109  6:40  Hydralisk  
  109  6:41  Overlord  
  109  6:43  Overlord  
  109  6:44  Hydralisk  
  113  6:52  Overlord  
  113  6:55  Hydralisk x2  
  113  7:10  Roach x6  
  113  7:13  Roach  
  127  7:17  Roach  
  127  7:18  Roach  
  127  7:19  Overlord  
  131  7:26  Roach x4  
  138  7:34  Overlord  
  134  7:42  Hydralisk x3  
  116  7:50  Drone x10  
  116  7:51  Drone  
  125  7:53  Extractor  
  125  7:55  Extractor  
  123  7:59  Hatchery  
  123  8:00  Evolution Chamber, Drone x3  
  123  8:01  Evolution Chamber  
  123  8:03  Drone  
  122  8:08  Overlord  
  116  8:16  Roach x2  
  116  8:19  Roach  
  118  8:20  Roach x5  
  118  8:21  Roach  
  126  8:32  Drone x5  
  114  8:42  Drone x3  
  114  8:44  Spore Crawler  
  115  8:55  Grooved Spines  
  113  8:57  Zerg Missile Weapons Level 1, Zerg Ground Armor Level 1, Hydralisk  
  113  8:58  Hydralisk x2, Spore Crawler  
  113  8:59  Hydralisk  
  120  9:05  Hydralisk x3  
  126  9:11  Drone  
  126  9:12  Drone  
  126  9:13  Drone x2  
  126  9:14  Hydralisk x3  
  136  9:18  Overlord  
  136  9:20  Spore Crawler  
  136  9:21  Drone  
  136  9:24  Spore Crawler  
  134  9:27  Hydralisk x2  
  134  9:29  Hydralisk  
  134  9:30  Hydralisk  
  142  9:33  Hydralisk x2  
  146  9:38  Hydralisk  
  146  9:39  Hydralisk  
  146  9:45  Spore Crawler  
  147  9:46  Drone x2  
  147  9:47  Drone  
  148  9:58  Hydralisk  
  148  9:59  Hydralisk x5  
  160  10:01  Overlord  
  160  10:05  Drone x3  
  160  10:06  Drone x5  
  132  10:22  Hydralisk x6  
  139  10:33  Drone  
  139  10:34  Drone x6  
  139  10:35  Extractor x2  
  143  10:36  Hydralisk x4  
  150  10:44  Hydralisk x3  
  150  10:49  Spore Crawler  
  139  10:52  Spore Crawler  
  139  10:55  Spore Crawler  
  139  10:56  Drone x3  
  139  10:57  Drone x4  
  144  10:59  Hydralisk  
  144  11:00  Hydralisk  
  144  11:01  Spore Crawler  
  144  11:03  Zerg Missile Weapons Level 2  
  147  11:09  Roach x5  
  147  11:19  Roach x7  
  130  11:27  Hydralisk x2, Roach  
  127  11:38  Drone x3  
  127  11:45  Drone x11  
  120  11:47  Hydralisk  
  120  11:54  Spore Crawler x3  
  119  12:01  Hydralisk  
  119  12:02  Hydralisk x3  
  127  12:11  Spore Crawler  
  127  12:12  Hydralisk x2  
  127  12:13  Spore Crawler  
  129  12:21  Zerg Ground Armor Level 2, Lurker Den  
  128  12:23  Hydralisk x2  
  128  12:24  Hydralisk  
  128  12:28  Hydralisk  
  128  12:29  Hydralisk  
  138  12:43  Hydralisk x6  
  145  12:48  Overlord  
  145  12:49  Overlord x2  
  141  12:53  Overlord  
  136  13:03  Overlord  
  115  13:18  Drone x12  
  112  13:21  Drone  
  112  13:26  Hydralisk  
  115  13:38  Drone  
  115  13:39  Drone  
  115  13:40  Drone x3  
  118  13:50  Lurker x6  
  118  13:51  Lurker  
  125  13:58  Hydralisk x3  
  125  14:02  Hydralisk  
  133  14:03  Hydralisk  
  133  14:08  Drone  
  133  14:09  Overlord x2  
  134  14:26  Drone x5  
  134  14:27  Drone  
  134  14:28  Drone x3  
  133  14:33  Hydralisk x4  
  140  14:45  Infestation Pit  
  139  14:51  Drone x2  
  139  14:52  Drone  
  142  14:56  Hatchery  
  142  14:59  Lurker  
  143  15:00  Lurker  
  143  15:02  Drone x2  
  145  15:09  Spore Crawler x2  
  145  15:10  Spore Crawler  
  145  15:12  Hydralisk x3  
  148  15:15  Lurker x2  
  148  15:17  Lurker  
  151  15:29  Overlord x4  
  151  15:30  Overlord  
  149  15:41  Overlord  
  149  15:42  Overlord x2  
  138  15:50  Drone x5  
  138  15:51  Drone  
  144  16:09  Hydralisk x5  
  154  16:17  Hive  
  154  16:23  Hydralisk x2  
  158  16:26  Drone  
  158  16:27  Drone  
  158  16:32  Drone  
  161  16:33  Drone x3  
  161  16:37  Overseer  
  162  16:55  Hydralisk  
  162  16:56  Hydralisk x2  
  162  16:57  Overlord x2  
  166  17:09  Hatchery  
  159  17:17  Hydralisk x7  
  173  17:34  Hydralisk x5  
  173  17:37  Overlord  
  179  17:48  Roach x5  
  183  17:55  Viper x3  
  174  18:11  Drone  
  174  18:12  Drone x7  
  180  18:15  Zerg Missile Weapons Level 3  
  180  18:23  Hydralisk  
  180  18:24  Hydralisk, Roach  
  186  18:29  Drone x4  
  190  18:49  Hydralisk  
  190  18:50  Hydralisk x3  
  193  19:07  Roach x3  
  193  19:08  Overlord  
  193  19:09  Overlord  
  193  19:14  Roach x4  
  193  19:15  Roach x6  
  186  19:25  Drone x3  
  186  19:26  Drone  
  186  19:27  Overlord, Spore Crawler  
  186  19:28  Spore Crawler, Overseer  
  188  19:31  Overseer  
  188  19:38  Zerg Ground Armor Level 3  
  186  19:46  Hydralisk  
  186  19:47  Hydralisk, Roach  
  186  19:48  Roach  
  194  19:56  Roach  
  194  19:57  Roach x2  
  183  20:25  Hatchery  
  183  20:26  Hatchery  
  183  20:27  Viper  
  176  20:30  Drone x5  
  176  20:33  Extractor x2  
  179  20:40  Roach  
  179  20:41  Roach x7  
  159  20:52  Zerg Melee Weapons Level 1  
  153  20:58  Hydralisk x6  
  165  21:08  Overseer x2  
  159  21:23  Roach x5  
  159  21:24  Roach x2  
  149  21:34  Hydralisk x3  
  123  21:42  Hydralisk x2  
  127  21:50  Drone  
  122  22:01  Hydralisk x6  
  134  22:09  Lurker x2  
  136  22:20  Roach x4  
  136  22:21  Roach  
  144  22:39  Roach x5  
  154  22:48  Drone x4  
  129  23:07  Roach x6  
  139  23:13  Drone x4  
  140  23:30  Lurker x3  
  140  23:31  Lurker  
  141  23:42  Hydralisk x2  
  141  23:43  Hydralisk x4  
  136  23:57  Hydralisk x4  
  114  24:38  Hydralisk x8  
  110  24:39  Hydralisk x2  
  111  24:55  Hydralisk x3  
Tags
 
Add a new tag
Caveats
  • Supply blocks, unpowered buildings, or Contaminate may cause inaccurate times.
  • Supply counts are checked every 10 seconds.